 Dungeon Crawl Stone Soup version 0.30-a0-40-gc6d0f036a7 (webtiles) character file.

Game seed: 720961514688490226

49 robertstho the Ruffian (level 3, -1/55 HPs)
             Began as a Troll Berserker on Aug 29, 2022.
             Was a Follower of Trog.
             Slain by a gnoll
             ... wielding a +0 club
              (7 damage)
             ... on level 2 of the Dungeon.
             The game lasted 00:00:54 (595 turns).

robertstho the Ruffian (Troll Berserker)             Turns: 595, Time: 00:00:54

Health: -1/55      AC:  4    Str: 25    XL:     3   Next: 51%
Magic:  2/2        EV: 10    Int:  5    God:    Trog [*.....]
Gold:   62         SH:  0    Dex:  9    Spells: 2/2 levels left

rFire   . . .      SeeInvis .      - Unarmed
rCold   . . .      Faith    .    (no shield)
rNeg    . . .      Spirit   .    a - +0 animal skin
rPois   .          Reflect  .    (helmet restricted)
rElec   .          Harm     .    (no cloak)
rCorr   .          Rampage  .    (gloves unavailable)
Will    .....                    (boots unavailable)
Stlth   ..........               (no amulet)
HPRegen 0.98/turn                (no ring)
MPRegen 0.08/turn                (no ring)

@: berserking (expiring), very quick
A: large, unfitting armour, claws 3, regeneration 1, shaggy fur 1, tough skin 1
a: Renounce Religion, Berserk


You were on level 2 of the Dungeon.
You worshipped Trog.
Trog was aware of your devotion.
You visited 1 branch of the dungeon, and saw 2 of its levels.

You collected 62 gold pieces.

Inventory:

Armour
 a - a +0 animal skin (worn)
Scrolls
 e - a scroll of enchant weapon {unknown}
 f - a scroll of vulnerability {unknown}
 g - a scroll of brand weapon {unknown}
 h - 3 scrolls of butterflies {unknown}
Potions
 b - a potion of flight {unknown}
 c - 2 potions of curing {unknown}
 d - a potion of mutation {unknown}
 i - a potion of attraction {unknown}


   Skills:
 * Level 3.0 Fighting
 * Level 1.3 Armour
 + Level 2.5 Dodging
 + Level 3.4 Unarmed Combat


You had 2 spell levels left.
You didn't know any spells.
Your spell library was empty.

Dungeon Overview and Level Annotations

Branches:
Dungeon (2/15)

Altars:


Innate Abilities, Weirdness & Mutations

You are too large for most types of armour.
You have claws for hands.
Your natural rate of healing is unusually fast.
You are covered in fur. (AC +1)
You have tough skin. (AC +1)


Message History

The gnoll closely misses you.
Your Armour skill increases to level 1!
You have reached level 3!
Your experience leads to an increase in your attributes!
Increase (S)trength, (I)ntelligence, or (D)exterity?
You feel clever. x2; You feel stronger.
A goblin comes into view. It is wielding a +0 club.
The goblin shouts!
The gnoll closely misses you. x2
Things that are here:
a +0 spear; a gnoll corpse You mangle the gnoll!!
You kill the gnoll!
Trog accepts your kill. The gnoll hits you with a +0 halberd.
You see here a +0 spear.
You closely miss the gnoll. Your claw misses the gnoll.
You barely miss the gnoll.
A hobgoblin comes into view.
The gnoll barely misses you.
You barely miss the gnoll.
The hobgoblin shouts!
The gnoll hits you with a +0 halberd!
You mangle the gnoll!!
You kill the gnoll!
Trog accepts your kill.
Your Fighting skill increases to level 3!
The goblin hits you but does no damage.
The hobgoblin hits you with a +0 falchion!
* * * LOW HITPOINT WARNING * * *
The gnoll hits you with a +0 club.
* * * LOW HITPOINT WARNING * * *
You see here a +0 halberd.
You closely miss the gnoll. You barely miss the gnoll.
The goblin hits you with a +0 club.
* * * LOW HITPOINT WARNING * * *
The hobgoblin hits you with a +0 falchion.
* * * LOW HITPOINT WARNING * * *
The gnoll hits you with a +0 club!
You die...

#.# #.# ...
#.# # #.# .#.
#. #$#.#
....#.# #.#.#
....).g###.#.#
....g.g@))...#
...#..g###.#.#
......# #.#.#
...### ##.#.#
.. ###.†..# .
.####....#.#
...........#
####.#<.###
#.#.##


You could see a gnoll, 2 hobgoblins and a goblin.

Vanquished Creatures
  3 gnolls (D:2)
  A worm (D:2)
  2 endoplasms
  2 giant cockroaches (D:1)
  A goblin (D:1)
  2 hobgoblins (D:1)
  A quokka (D:1)
  3 bats (D:1)
  A kobold (D:1)
  2 rats
18 creatures vanquished.

Notes
Turn   | Place    | Note
-------+----------+-------------------------------------------
     0 | D:1      | robertstho the Troll Berserker began the quest for the Orb.
     0 | D:1      | Reached XP level 1. HP: 22/22 MP: 0/0
   160 | D:1      | Reached XP level 2. HP: 29/29 MP: 1/1
   377 | D:1      | Found a faded altar of an unknown god.
   586 | D:2      | Reached skill level 1 in Armour
   586 | D:2      | Reached XP level 3. HP: 34/36 MP: 2/2
   595 | D:2      | Slain by a gnoll

Illustrated notes

Levels and vault maps discovered:
D:1:      minmay_arrival_stair_chambers, layout_basic, basic_ecumenical_altar
D:2:      layout_loops_ring, uniq_robin, uniq_terence

Skill      XL: |  1  2  3 |
---------------+----------+-----
Armour         | 1 |  1.3
Fighting       | 3 |  3.0
Dodging        | |  2.5
Unarmed Combat | |  3.4

Action                   || total
-------------------------++-------
Melee: Unarmed           ||    50
Invok: Berserk           ||     1
Armor: Animal skin       ||    14
Dodge: Dodged            ||    25

Table legend: (Time is in decaauts)
 A = Elapsed time spent in this place.
 B = Non-inter-level travel time spent in this place.
 C = Inter-level travel time spent in this place.
 D = Time resting spent in this place.
 E = Time spent auto-exploring this place.
 F = Levels seen in this place.
 G = Mean time per level.
                   A        B        C        D        E       F      G
               +--------+--------+--------+--------+--------+-----+--------+
         Total |    588 |    579 |      9 |      0 |    467 |   2 |  294.0 |
       Dungeon |    588 |    579 |      9 |      0 |    467 |   2 |  294.0 |
               +--------+--------+--------+--------+--------+-----+--------+

Top non-repeatable levels by time:
     D:1: 554 daAuts
     D:2: 33 daAuts
